[Event "ICC tourney 1900 (45 10)"]
[Site "Internet Chess Club"]
[Date "2020.07.04"]
[Round "4"]
[White "KnightHopper"]
[Black "flybamboo"]
[Result "1-0"]
[ICCResult "Black checkmated"]
[WhiteElo "1850"]
[BlackElo "1327"]
[Opening "French: Tarrasch, open variation"]
[ECO "C07"]
[NIC "FR.18"]
[Time "18:31:11"]
[TimeControl "2700+10"]

1. e4 e6 2. d4 d5 3. Nd2 c5 4. Ngf3 Nc6 5. Bb5 a6 6. Bxc6+ bxc6 7. dxc5 Bxc5
8. O-O Ne7 9. c4 O-O 10. cxd5 cxd5 11. exd5 Nxd5 12. Ne4 Be7 13. Re1 Bb7 14.
Qe2 Nf6 15. Nxf6+ Bxf6 16. Rd1 Qe7 17. Bf4 Bxf3 18. Qxf3 Bxb2 19. Bd6 Qf6
20. Rab1 Rfc8 21. Qg3 Bd4 22. Rxd4 Qf5 23. Rbd1 Rd8 24. Be5 f6 25. Rxd8+
Rxd8 26. Rxd8+ Kf7 27. Qd3 Qg5 28. f4 Qh4 29. Rd7+ Ke8 30. g3 Qg4 31. Qd6
fxe5 32. Qe7# {Black checkmated} 1-0

[Event "ICC tourney 1900 (45 10)"]
[Site "Internet Chess Club"]
[Date "2020.07.04"]
[Round "4"]
[White "karuto2006"]
[Black "capetarget"]
[Result "0-1"]
[ICCResult "White checkmated"]
[WhiteElo "1396"]
[BlackElo "1358"]
[Opening "Ruy Lopez: Marshall, main line, 14...Qh3"]
[ECO "C89"]
[NIC "RL.17"]
[Time "18:30:45"]
[TimeControl "2700+10"]

1. e4 e5 2. Nf3 Nc6 3. Bb5 a6 4. Ba4 Nf6 5. O-O Be7 6. Re1 b5 7. Bb3 O-O 8.
c3 d5 9. exd5 Nxd5 10. Nxe5 Nxe5 11. Rxe5 c6 12. d4 Bd6 13. Re1 Qh4 14. g3
Qh3 15. Qf3 Bg4 16. Qg2 Qh5 17. Nd2 Rae8 18. Re4 Bh3 19. Qh1 f5 20. Rxe8
Rxe8 21. Nf3 Qxf3 22. Bxd5+ cxd5 23. Be3 Rxe3 24. fxe3 Qxe3# {White
checkmated} 0-1

[Event "ICC tourney 1900 (45 10)"]
[Site "Internet Chess Club"]
[Date "2020.07.04"]
[Round "4"]
[White "saanvichess"]
[Black "gmcarebear999"]
[Result "0-1"]
[ICCResult "White resigns"]
[WhiteElo "1244"]
[BlackElo "1353"]
[Opening "Sicilian: dragon variation"]
[ECO "B70"]
[NIC "SI.15"]
[Time "18:31:00"]
[TimeControl "2700+10"]

1. e4 c5 2. Nf3 d6 3. d4 cxd4 4. Nxd4 Nf6 5. Nc3 g6 6. Bc4 Bg7 7. Be3 O-O 8.
Qd2 Nc6 9. O-O-O Ng4 10. h3 Nxe3 11. fxe3 Ne5 12. Bb3 Bd7 13. g4 Rc8 14. g5
a6 15. h4 b5 16. a3 Nc4 17. Bxc4 Rxc4 18. h5 Bg4 19. h6 Bxd4 20. exd4 Bxd1
21. Rxd1 Qa5 22. Qf4 Rxc3 23. bxc3 Qxa3+ 24. Kd2 b4 25. cxb4 Qxb4+ 26. c3
Qb2+ 27. Kd3 a5 28. Qd2 Qb5+ 29. Ke3 Qxg5+ 30. Ke2 Qxd2+ 31. Rxd2 Ra8 32.
Ra2 f5 33. exf5 gxf5 34. Kf3 Kf7 35. Kf4 Kf6 36. d5 a4 37. c4 a3 38. Ke3 Ra4
39. Kd4 f4 40. Kd3 Kf5 41. Kc3 f3 42. Kb3 Ra8 43. Kc3 Kf4 44. Kd3 Kg3 45.
Ke3 Rf8 46. Rxa3 f2 47. Ke2+ Kg2 48. Ra1 f1=Q+ 49. Rxf1 Rxf1 50. Ke3 Rf6
{White resigns}
0-1

[Event "ICC tourney 1900 (45 10)"]
[Site "Internet Chess Club"]
[Date "2020.07.04"]
[Round "4"]
[White "runtilmorrow1"]
[Black "Samuelhe2098"]
[Result "1-0"]
[ICCResult "Black checkmated"]
[WhiteElo "1508"]
[BlackElo "1388"]
[Opening "Sicilian: Pelikan, Chelyabinsk variation"]
[ECO "B33"]
[NIC "SI.37"]
[Time "18:30:31"]
[TimeControl "2700+10"]

1. e4 c5 2. Nf3 Nc6 3. d4 cxd4 4. Nxd4 Nf6 5. Nc3 e5 6. Ndb5 d6 7. Bg5 a6 8.
Na3 b5 9. Nd5 Be7 10. Bxf6 Bxf6 11. c3 Bb7 12. Nc2 Bg5 13. a4 bxa4 14. Rxa4
O-O 15. h4 Be7 16. Nce3 Re8 17. Nf5 Bf8 18. Qg4 Bc8 19. Nh6+ Kh8 20. Nxf7+
Kg8 21. Nxd8 Bxg4 22. Nxc6 Bd7 23. Rc4 Rac8 24. Ncb4 a5 25. Nc2 Rb8 26. Rc7
Ba4 27. Nce3 Rxb2 28. h5 Reb8 29. h6 Ra2 30. Nf6+ gxf6 31. Bc4+ Kh8 32. Bxa2
d5 33. Nxd5 Bd6 34. Rf7 Kg8 35. Nxf6+ Kh8 36. Rxh7# {Black checkmated} 1-0

[Event "ICC tourney 1900 (45 10)"]
[Site "Internet Chess Club"]
[Date "2020.07.04"]
[Round "4"]
[White "liguowh"]
[Black "JunlinTheWorld"]
[Result "1/2-1/2"]
[ICCResult "Game drawn by mutual agreement"]
[WhiteElo "1735"]
[BlackElo "1673"]
[Opening "Sicilian defense"]
[ECO "B34"]
[NIC "SI.33"]
[Time "18:31:02"]
[TimeControl "2700+10"]

1. e4 c5 2. Nf3 Nc6 3. d4 cxd4 4. Nxd4 g6 5. Be3 Bg7 6. Nc3 Nf6 7. f3 O-O 8.
Qd2 d5 9. exd5 Nxd5 10. Nxd5 Qd6 11. Nxc6 bxc6 12. Nc3 Qb4 13. Rb1 Rb8 14.
a3 Qa5 15. b4 Qxa3 16. Ne4 Be6 17. g4 a5 18. Bd3 Ba2 19. Rd1 Qxb4 20. Qxb4
axb4 21. O-O b3 22. cxb3 Bxb3 23. Rb1 Rfd8 24. Nc5 Ba2 25. Rxb8 Rxb8 26. Be4
Bd5 27. Rc1 Ra8 28. Kg2 h5 29. gxh5 gxh5 30. Rc2 e6 31. Kg3 Kf8 32. Kh4 Ke7
33. Bf4 Ba1 34. Nd3 Ra5 35. Nb4 Ra4 36. Bd2 Be5 37. Bxd5 cxd5 38. Kxh5 Bxh2
39. Bg5+ Kd6 40. Nxd5 Kxd5 41. Rxh2 e5 42. Rd2+ Ke6 43. Rb2 Ra6 44. Kg4 f5+
45. Kg3 Ra4 46. Rb6+ Kd5 47. Rb5+ Ke6 48. Rb8 f4+ 49. Kg4 e4 50. Re8+ Kd5
51. Rd8+ Ke6 52. Re8+ Kd5 53. Bxf4 exf3 54. Kxf3 Ra3+ 55. Re3
{Game drawn by mutual agreement}
1/2-1/2

[Event "ICC tourney 1900 (45 10)"]
[Site "Internet Chess Club"]
[Date "2020.07.04"]
[Round "4"]
[White "Frankiechess11"]
[Black "Superowen"]
[Result "1-0"]
[ICCResult "Black checkmated"]
[WhiteElo "1385"]
[BlackElo "1257"]
[Opening "Sicilian: Najdorf, Byrne (English) attack"]
[ECO "B90"]
[NIC "SI.14"]
[Time "18:31:04"]
[TimeControl "2700+10"]

1. e4 c5 2. Nf3 d6 3. d4 cxd4 4. Nxd4 Nf6 5. Nc3 a6 6. Be3 Ng4 7. Bg5 h6 8.
Bh4 g5 9. Bg3 Bg7 10. h3 Ne5 11. Nd5 Nbc6 12. Nf5 Bxf5 13. exf5 Rc8 14. h4
Nd4 15. c3 Nxf5 16. Bxe5 Bxe5 17. hxg5 e6 18. g4 Qxg5 19. f4 Bxf4 20. Qa4+
b5 21. Qxf4 Qxf4 22. Nxf4 Ne3 23. Ke2 Nxg4 24. Nd3 Nf6 25. a4 Ne4 26. Ke3
Ng3 27. Rg1 Nxf1+ 28. Rgxf1 h5 29. axb5 axb5 30. Ra7 Rh7 31. Nf4 Rc5 32. Rg1
Kf8 33. Nxe6+ fxe6 34. Rxh7 Re5+ 35. Kf4 Re2 36. Ra1 Kg8 37. Rb7 Rf2+ 38.
Kg5 Rf5+ 39. Kg6 h4 40. Ra8+ Rf8 41. Rg7+ Kh8 42. Rxf8# {Black checkmated}
1-0

[Event "ICC tourney 1900 (45 10)"]
[Site "Internet Chess Club"]
[Date "2020.07.04"]
[Round "4"]
[White "rcww2020"]
[Black "oneonethree"]
[Result "0-1"]
[ICCResult "White resigns"]
[WhiteElo "1264"]
[BlackElo "1457"]
[Opening "Sicilian: Smith-Morra gambit"]
[ECO "B21"]
[NIC "SI.48"]
[Time "18:30:42"]
[TimeControl "2700+10"]

1. e4 c5 2. d4 cxd4 3. c3 d3 4. Bxd3 d6 5. Ne2 Nf6 6. f3 a6 7. c4 e5 8. Nbc3
Be6 9. Be3 Nbd7 10. O-O Be7 11. Nd5 Rc8 12. Qa4 O-O 13. Nec3 Nc5 14. Bxc5
Rxc5 15. Rac1 Nxd5 16. Nxd5 Bxd5 17. cxd5 Qb6 18. Rxc5 Qxc5+ 19. Kh1 Rc8 20.
Qd7 Kf8 21. Qxb7 a5 22. Ba6 Re8 23. Bb5 Rc8 24. Bc6 Rd8 25. a3 Qc4 26. Qb5
Qxb5 27. Bxb5 Bg5 28. g3 Be3 29. Re1 Bd4 30. Re2 Rc8 31. Kg2 Rc1 32. b3 Rc3
33. Bc4 a4 34. Rb2 Rxc4 35. Rd2 axb3 36. Rd1 b2 37. Rb1 Ra4 {White resigns}
0-1

[Event "ICC tourney 1900 (45 10)"]
[Site "Internet Chess Club"]
[Date "2020.07.04"]
[Round "4"]
[White "Erky"]
[Black "VincentT2008"]
[Result "1-0"]
[ICCResult "Black resigns"]
[WhiteElo "1401"]
[BlackElo "1302"]
[Opening "King's Indian: 4.e4"]
[ECO "E70"]
[NIC "KI.31"]
[Time "18:31:29"]
[TimeControl "2700+10"]

1. d4 Nf6 2. c4 g6 3. Nc3 Bg7 4. e4 d6 5. Bd3 O-O 6. Nge2 Nc6 7. O-O e5 8.
d5 Ne7 9. Bg5 h6 10. Be3 Nd7 11. f3 f5 12. exf5 gxf5 13. Bd2 Nf6 14. Qc2 Qe8
15. Ng3 Nh5 16. Nxh5 Qxh5 17. Nb5 c6 18. dxc6 bxc6 19. Nxd6 Be6 20. c5 Kh8
21. Bc4 Nd5 22. Rae1 Rg8 23. Bc3 f4 24. Bxd5 cxd5 25. Qe2 d4 26. Bxd4 exd4
27. Qxe6 Qxc5 28. Nf7+ Kh7 29. Qe4+ {Black resigns} 1-0

[Event "ICC tourney 1900 (45 10)"]
[Site "Internet Chess Club"]
[Date "2020.07.04"]
[Round "4"]
[White "AHSRULES"]
[Black "drberkley"]
[Result "1-0"]
[ICCResult "Black checkmated"]
[WhiteElo "1606"]
[BlackElo "1471"]
[Opening "Pirc: Austrian attack, 6.Bd3"]
[ECO "B09"]
[NIC "PU.02"]
[Time "18:30:43"]
[TimeControl "2700+10"]

1. e4 d6 2. d4 Nf6 3. Nc3 g6 4. f4 Bg7 5. Nf3 O-O 6. Bd3 Na6 7. O-O c5 8. d5
Nc7 9. a4 Bg4 10. h3 Bxf3 11. Qxf3 e6 12. dxe6 Nxe6 13. Be3 Nd7 14. Qf2 Nd4
15. Rad1 a6 16. f5 Rc8 17. Nd5 f6 18. fxg6 hxg6 19. Bc4 Rf7 20. Nf4 Ne5 21.
Bxf7+ Kxf7 22. Bxd4 cxd4 23. Qxd4 Rxc2 24. Qd5+ Ke7 25. Qe6+ Kf8 26. Rxd6
Qe8 27. Qd5 Rc8 28. Ne6+ Kg8 29. Nxg7+ Kxg7 30. Rdxf6 Rc6 31. Rf8 Qe7 32.
Qg8+ Kh6 33. Qh8+ Kg5 34. h4+ Kg4 35. R8f4+ Kg3 36. Qxe5 Qxe5 37. R1f3#
{Black checkmated}
1-0

[Event "ICC tourney 1900 (45 10)"]
[Site "Internet Chess Club"]
[Date "2020.07.04"]
[Round "4"]
[White "duckmaster07"]
[Black "ASilverRook"]
[Result "0-1"]
[ICCResult "White resigns"]
[WhiteElo "1403"]
[BlackElo "1404"]
[Opening "Sicilian: Anderssen variation"]
[ECO "B41"]
[NIC "SI.41"]
[Time "18:30:56"]
[TimeControl "2700+10"]

1. e4 c5 2. Nf3 e6 3. d4 cxd4 4. Nxd4 Nf6 5. Nc3 Nc6 6. Be3 Bb4 7. f3 O-O 8.
Qd2 d5 9. a3 Bxc3 10. bxc3 dxe4 11. Nxc6 Qxd2+ 12. Bxd2 bxc6 13. Kf2 Rd8 14.
Bg5 exf3 15. gxf3 e5 16. Rg1 Rd6 17. Re1 Bf5 18. Rxe5 Bxc2 19. Bc4 Nd5 20.
Re2 Bg6 21. Rge1 f6 22. Bd2 Kf8 23. Bxd5 Rxd5 24. Be3 a6 25. Bf4 Rd3 26. Re3
Rad8 27. a4 Rxe3 28. Rxe3 Bc2 29. a5 Rd5 30. Bc7 Kf7 31. Kg3 g5 32. Bb6 f5
33. Re2 Bd1 34. Rf2 Rd3 35. c4 Kg6 36. Kg2 f4 37. Ba7 Kf5 38. Bb6 h5 39. h3
g4 40. hxg4+ hxg4 41. fxg4+ Kxg4 42. Kg1 Bf3 43. Kh2 Rd1 44. Rf1 Rxf1 45.
Bg1 Rxg1 {White resigns} 0-1

[Event "ICC tourney 1900 (45 10)"]
[Site "Internet Chess Club"]
[Date "2020.07.04"]
[Round "4"]
[White "Ajitesh20091"]
[Black "vibi"]
[Result "1-0"]
[ICCResult "Black resigns"]
[WhiteElo "1424"]
[BlackElo "1444"]
[Opening "Sicilian: Canal-Sokolsky attack, 3...Bd7"]
[ECO "B52"]
[NIC "SI.01"]
[Time "18:31:18"]
[TimeControl "2700+10"]

1. e4 c5 2. Nf3 d6 3. Bb5+ Bd7 4. Bxd7+ Qxd7 5. O-O Nc6 6. c3 e5 7. Re1 Nf6
8. d4 cxd4 9. cxd4 O-O-O 10. d5 Ne7 11. Nc3 Kb8 12. Qa4 Qxa4 13. Nxa4 Rc8
14. Ng5 Ng6 15. Nxf7 Rg8 16. Bg5 h6 17. Bxf6 gxf6 18. Rac1 Re8 19. Rc2 Nf4
20. g3 h5 21. Kf1 Ng6 22. Rec1 h4 23. Rc7 b5 24. Rd7 Rc8 25. Rxc8+ Kxc8 26.
Rd8+ Kc7 27. Nc3 a6 28. Re8 Kd7 29. Ra8 hxg3 30. hxg3 Kc7 31. Rxa6 Kb7 32.
Rc6 Rg7 33. Nd8+ Ka7 34. Nxb5+ Kb8 35. Ne6 Rh7 36. Nxf8 Nxf8 37. Rxd6 Rh1+
38. Kg2 Rb1 39. Rd8+ Kb7 40. Rxf8 {Black resigns} 1-0

[Event "ICC tourney 1900 (45 10)"]
[Site "Internet Chess Club"]
[Date "2020.07.04"]
[Round "4"]
[White "HAPPYKING99"]
[Black "math54321"]
[Result "0-1"]
[ICCResult "White resigns"]
[WhiteElo "1201"]
[BlackElo "1283"]
[Opening "Ruy Lopez: Berlin defense, 4.O-O, d6"]
[ECO "C66"]
[NIC "RL.07"]
[Time "18:30:33"]
[TimeControl "2700+10"]

1. e4 e5 2. Nf3 Nc6 3. Bb5 Nf6 4. O-O d6 5. Re1 Be7 6. d3 O-O 7. c3 a6 8.
Ba4 b5 9. Bc2 Bb7 10. Nbd2 Qd7 11. Nf1 Rad8 12. Ng3 Rfe8 13. Nf5 h6 14. N3h4
Bf8 15. g4 g5 16. Ng2 Ne7 17. h4 Nxf5 18. gxf5 gxh4 19. Nxh4 d5 20. Qf3 dxe4
21. dxe4 Kh7 22. Kh2 Bc5 23. Rh1 Bxf2 24. Ng2 Rg8 25. Ne3 Bxe3 26. Bxe3 Ng4+
27. Kh3 Nxe3 28. Qxe3 Qd2 29. Qxd2 Rxd2 30. Bb3 Bxe4 31. Bxf7 Bxf5+ 32. Kh4
Rg4+ 33. Kh3 Rg7+ {White resigns} 0-1

[Event "ICC tourney 1900 (45 10)"]
[Site "Internet Chess Club"]
[Date "2020.07.04"]
[Round "4"]
[White "chessKingR"]
[Black "shreyaschalla"]
[Result "0-1"]
[ICCResult "White resigns"]
[WhiteElo "1415"]
[BlackElo "1506"]
[Opening "King's Indian: S?misch, 5...O-O"]
[ECO "E81"]
[NIC "KI.54"]
[Time "18:30:41"]
[TimeControl "2700+10"]

1. d4 Nf6 2. c4 g6 3. Nc3 Bg7 4. e4 d6 5. f3 O-O 6. Be3 c5 7. Nge2 Nc6 8. d5
Ne5 9. Ng3 e6 10. Be2 exd5 11. cxd5 h5 12. Qd2 a6 13. a4 h4 14. Nf1 Nh7 15.
O-O-O Bd7 16. Kb1 Qa5 17. f4 Ng4 18. Bxg4 Bxg4 19. Rc1 b5 20. b3 Rfb8 21.
Kc2 c4 22. Na2 cxb3+ 23. Kd3 Qxd2+ 24. Nxd2 bxa2 25. a5 a1=Q 26. Rxa1 Bxa1
27. Rxa1 Rc8 28. Rb1 Nf6 29. h3 Bd7 30. Nf3 Nxe4 31. Nxh4 Nc3 32. Rb3 Nxd5
33. Bd2 b4 34. Nf3 Ba4 35. Rb2 Rab8 36. Nd4 f5 37. g4 Bb5+ 38. Nxb5 Rxb5 39.
gxf5 gxf5 40. h4 Rxa5 41. h5 Rb5 42. h6 a5 {White resigns} 0-1

[Event "ICC tourney 1900 (45 10)"]
[Site "Internet Chess Club"]
[Date "2020.07.04"]
[Round "4"]
[White "playerlucky"]
[Black "clair"]
[Result "1/2-1/2"]
[ICCResult "Game drawn by repetition"]
[WhiteElo "1411"]
[BlackElo "1591"]
[Opening "Modern defense"]
[ECO "A40"]
[NIC "QO.17"]
[Time "18:31:04"]
[TimeControl "2700+10"]

1. d4 g6 2. Nf3 Bg7 3. c4 e6 4. Nc3 Ne7 5. Bg5 h6 6. Bh4 O-O 7. e3 b6 8. Be2
Bb7 9. Qc2 d6 10. Bg3 Nd7 11. O-O Nf5 12. Rfd1 Nxg3 13. hxg3 Rc8 14. Rac1
Qe7 15. a3 a6 16. Nd2 c5 17. Nb3 Nf6 18. dxc5 dxc5 19. Nd2 Rfd8 20. Bf3 h5
21. Nde4 Nxe4 22. Nxe4 Bc6 23. b3 Ba8 24. Rd2 Rxd2 25. Nxd2 Rd8 26. Rd1 Bxf3
27. Nxf3 Qf6 28. a4 Rxd1+ 29. Qxd1 Qa1 30. Qxa1 Bxa1 31. Kf1 f6 32. Ke2 Bc3
33. Kd3 Bb4 34. Nd2 Bxd2 35. Kxd2 Kf7 36. Kc3 a5 37. Kd3 Ke7 38. e4 Kd6 39.
f4 Ke7 40. Ke3 Kd6 41. Kf3 f5 42. e5+ Ke7 43. g4 hxg4+ 44. Kg3 Kf7 45. Kh4
Kg7 46. Kg5 Kf7 47. Kh6 g3 48. Kg5 Kg7 49. Kh4 Kh6 50. Kxg3 g5 51. Kf3 Kh5
52. g3 g4+ 53. Ke2 Kg6 54. Kd3 Kf7 55. Kc3 Ke7 56. Kd3 Kd7 57. Kc3 Kc6 58.
Kd3 Kd7 59. Kc3 Kc6 60. Kd3 Kd7 61. Kc3 Kc6 {Game drawn by repetition}
1/2-1/2

[Event "ICC tourney 1900 (45 10)"]
[Site "Internet Chess Club"]
[Date "2020.07.04"]
[Round "4"]
[White "sirking2800"]
[Black "chessp1234"]
[Result "1-0"]
[ICCResult "Black resigns"]
[WhiteElo "1454"]
[BlackElo "1362"]
[Opening "Sicilian: Kan, 5.Nc3"]
[ECO "B43"]
[NIC "SI.41"]
[Time "18:30:48"]
[TimeControl "2700+10"]

1. e4 c5 2. Nf3 e6 3. d4 cxd4 4. Nxd4 a6 5. Nc3 Qc7 6. Be2 Nc6 7. O-O Nf6 8.
Be3 Be7 9. f4 d6 10. Qe1 Nxd4 11. Bxd4 b5 12. a3 Bb7 13. Qg3 O-O-O 14. a4 b4
15. Na2 a5 16. Qe3 Nd7 17. b3 d5 18. c3 Kb8 19. cxb4 axb4 20. Rfc1 Qa5 21.
Bb5 f6 22. exd5 Bxd5 23. Rc2 Rc8 24. Rxc8+ Kxc8 25. Rc1+ Kd8 26. Rc2 Bd6 27.
Nc1 Ke7 28. Nd3 Bxb3 29. Nc5 Nxc5 30. Rxc5 Bxc5 31. Bxc5+ Kf7 32. Qxb3 Rc8
33. Be3 Rc3 34. Qd1 Rxe3 35. Qh5+ g6 36. Be8+ Kxe8 37. Qxa5 b3 38. Qa8+ Ke7
39. Qa7+ Kd6 40. Qxe3 b2 41. Qb3 {Black resigns} 1-0

[Event "ICC tourney 1900 (45 10)"]
[Site "Internet Chess Club"]
[Date "2020.07.04"]
[Round "4"]
[White "evg1234567"]
[Black "BTyrrell"]
[Result "0-1"]
[ICCResult "White checkmated"]
[WhiteElo "1584"]
[BlackElo "1390"]
[Opening "King's Indian: orthodox, 7...Nbd7"]
[ECO "E94"]
[NIC "KI.12"]
[Time "18:31:15"]
[TimeControl "2700+10"]

1. d4 Nf6 2. c4 g6 3. Nc3 Bg7 4. e4 d6 5. Nf3 O-O 6. Be2 Nbd7 7. O-O e5 8.
d5 a5 9. Be3 Ne8 10. Qc2 Nc5 11. Bxc5 dxc5 12. Rad1 Nd6 13. h3 f5 14. exf5
Bxf5 15. Bd3 Bxh3 16. Rfe1 Rxf3 17. gxh3 Qh4 18. Ne4 Raf8 19. Ng3 e4 20.
Bxe4 Nxe4 21. Qxe4 Qxh3 22. Re2 Bd4 23. Rxd4 Rxg3+ 24. fxg3 Rf1#
{White checkmated}
0-1

[Event "ICC tourney 1900 (45 10)"]
[Site "Internet Chess Club"]
[Date "2020.07.04"]
[Round "4"]
[White "arconsul2"]
[Black "Quinlandia"]
[Result "0-1"]
[ICCResult "White resigns"]
[WhiteElo "1234"]
[BlackElo "1205"]
[Opening "R?ti opening"]
[ECO "A11"]
[NIC "RE.06"]
[Time "18:31:03"]
[TimeControl "2700+10"]

1. Nf3 d5 2. c4 c6 3. g3 Nf6 4. Bg2 Bf5 5. O-O e6 6. d3 h6 7. Bf4 Nbd7 8.
cxd5 exd5 9. Nbd2 Bc5 10. a3 Qe7 11. b4 Bb6 12. Nb3 O-O 13. Qd2 Nh5 14. Be3
Bxe3 15. Qxe3 Qxe3 16. fxe3 Nhf6 17. Ne5 Nxe5 18. Rxf5 Neg4 19. Rf3 Rfe8 20.
Nd4 Nxe3 21. Bh3 Neg4 22. Bxg4 Nxg4 23. Raf1 Re7 24. Rf4 Ne3 25. R1f3 Nd1
26. Kf1 Rae8 27. e4 dxe4 28. dxe4 Rxe4 29. Nf5 Re1+ 30. Kg2 R8e2+ 31. Kh3
Rh1 32. Nxg7 Rhxh2+ 33. Kg4 Nf2+ {White resigns} 0-1

[Event "ICC tourney 1900 (45 10)"]
[Site "Internet Chess Club"]
[Date "2020.07.04"]
[Round "4"]
[White "KyleZhuang"]
[Black "kralj8"]
[Result "0-1"]
[ICCResult "White resigns"]
[WhiteElo "1429"]
[BlackElo "1715"]
[Opening "Ruy Lopez: fianchetto (Smyslov/Barnes) defense"]
[ECO "C60"]
[NIC "RL.03"]
[Time "18:30:43"]
[TimeControl "2700+10"]

1. e4 e5 2. Nf3 Nc6 3. Bb5 g6 4. c3 Bg7 5. d4 exd4 6. cxd4 a6 7. Ba4 b5 8.
Bc2 d6 9. Nc3 Nge7 10. Be3 O-O 11. O-O f5 12. Bb3+ Kh8 13. Ng5 Qe8 14. Nd5
Nxd5 15. Bxd5 h6 16. Rc1 Bb7 17. Ne6 Rf7 18. Bxc6 Bxc6 19. d5 Bb7 20. Nxc7
Qxe4 21. Nxa8 Bxd5 22. Qf3 Qxf3 23. gxf3 f4 24. Nb6 Bxf3 25. Bd2 Rf5 26. h4
Rh5 27. Rc3 Bxc3 28. Bxc3+ Kg8 29. Bf6 g5 30. Bxg5 hxg5 31. Rc1 Rxh4 32.
Rc8+ Kf7 33. Rc7+ Ke6 {White resigns} 0-1

[Event "ICC tourney 1900 (45 10)"]
[Site "Internet Chess Club"]
[Date "2020.07.04"]
[Round "4"]
[White "msk2018"]
[Black "Roger436"]
[Result "0-1"]
[ICCResult "White resigns"]
[WhiteElo "1591"]
[BlackElo "1294"]
[Opening "Queen's pawn: London system"]
[ECO "A45"]
[NIC "QP.07"]
[Time "18:31:01"]
[TimeControl "2700+10"]

1. d4 Nf6 2. Bf4 g6 3. e3 Bg7 4. h3 O-O 5. Nf3 d6 6. c3 Nbd7 7. Bd3 Qe8 8.
Bc2 e5 9. dxe5 dxe5 10. Bh2 c6 11. O-O Nd5 12. Nbd2 Kh8 13. Nc4 Qe7 14. Qe2
f5 15. Rfe1 b6 16. Rad1 Ba6 17. Bd3 e4 18. Bd6 Qe8 19. Bxf8 Qxf8 20. Nd4
exd3 21. Qxd3 Ne5 22. Qc2 Bxc4 23. b3 Ba6 24. f4 Nf7 25. Nxc6 Nxc3 26. Rd2
Rc8 27. Nxa7 Rc7 28. Rc1 Rxa7 29. Rf2 Nd6 30. Qd2 Nde4 {White resigns} 0-1

[Event "ICC tourney 1900 (45 10)"]
[Site "Internet Chess Club"]
[Date "2020.07.04"]
[Round "4"]
[White "DankMemer"]
[Black "destroyingeagle"]
[Result "1-0"]
[ICCResult "Black checkmated"]
[WhiteElo "1544"]
[BlackElo "1234"]
[Opening "Queen's Pawn"]
[ECO "B07"]
[NIC "QO.17"]
[Time "18:31:00"]
[TimeControl "2700+10"]

1. d4 d6 2. e4 g6 3. Nf3 Bg7 4. Bd3 Nc6 5. c3 e5 6. d5 Nce7 7. c4 f5 8. Nc3
Nf6 9. O-O O-O 10. h3 f4 11. b4 h6 12. c5 g5 13. a4 Ng6 14. c6 b6 15. a5 Rb8
16. axb6 axb6 17. Bd2 g4 18. hxg4 Bxg4 19. Nb5 Ne8 20. Be2 Ra8 21. Rxa8 Qxa8
22. Nh2 Bxe2 23. Qxe2 Qa2 24. Re1 Nh4 25. Bc1 Qxe2 26. Rxe2 f3 27. Nxf3
Nxf3+ 28. gxf3 Rxf3 29. Be3 Rf7 30. Ra2 Kf8 31. Ra8 Re7 32. Nxc7 Rxc7 33.
Bxb6 Ke7 34. Rxe8+ Kxe8 35. Bxc7 Bf6 36. Bxd6 Be7 37. Bxe7 Kxe7 38. b5 h5
39. b6 h4 40. b7 h3 41. b8=Q h2+ 42. Kxh2 Kf6 43. Qxe5+ Kxe5 44. c7 Kxe4 45.
c8=Q Kxd5 46. f4 Ke4 47. f5 Ke5 48. Qe6+ Kf4 49. f6 Kg5 50. f7 Kh5 51. f8=Q
Kg5 52. Qeg8+ Kh5 53. Qf5+ Kh6 54. Qgg6# {Black checkmated} 1-0

[Event "ICC tourney 1900 (45 10)"]
[Site "Internet Chess Club"]
[Date "2020.07.04"]
[Round "4"]
[White "Alexbander"]
[Black "Adhvaith0406"]
[Result "0-1"]
[ICCResult "White checkmated"]
[WhiteElo "1293"]
[BlackElo "1488"]
[Opening "English opening"]
[ECO "A17"]
[NIC "EO.64"]
[Time "18:31:00"]
[TimeControl "2700+10"]

1. c4 Nf6 2. Nc3 e6 3. g3 d5 4. cxd5 exd5 5. d4 Bd6 6. Bg2 c6 7. Nf3 O-O 8.
O-O Re8 9. h3 h6 10. a3 Bf5 11. b4 Ne4 12. Nxe4 Bxe4 13. Bb2 Nd7 14. Nd2
Bxg2 15. Kxg2 a5 16. Bc3 axb4 17. axb4 Rxa1 18. Qxa1 Qe7 19. Qa4 Qxe2 20.
Nf3 Re3 21. Qd1 Qxd1 22. Rxd1 Rxc3 23. Rb1 b5 24. h4 Rc4 25. Kf1 Rxb4 26.
Ra1 Nf6 27. Ra6 Ne4 28. Rxc6 Rb2 29. Ke1 Bb4+ 30. Kd1 Nxf2+ 31. Kc1 Nd3+ 32.
Kd1 Rf2 33. Ne5 Rd2# {White checkmated} 0-1

[Event "ICC tourney 1900 (45 10)"]
[Site "Internet Chess Club"]
[Date "2020.07.04"]
[Round "4"]
[White "DanielA1926"]
[Black "StevChess01"]
[Result "1/2-1/2"]
[ICCResult "Game drawn by repetition"]
[WhiteElo "1254"]
[BlackElo "1391"]
[Opening "Queen's pawn game"]
[ECO "D04"]
[NIC "QP.06"]
[Time "18:30:37"]
[TimeControl "2700+10"]

1. d4 Nf6 2. Nf3 d5 3. e3 Bg4 4. c4 e6 5. Nc3 c6 6. h3 Bh5 7. c5 Bg6 8. Ne5
Be4 9. Nxe4 Nxe4 10. Bd3 Nf6 11. O-O Nbd7 12. f4 Be7 13. g4 Nxe5 14. fxe5
Nd7 15. Qf3 Rf8 16. e4 Bg5 17. exd5 cxd5 18. Bxg5 Qxg5 19. Bb5 Qd2 20. Bxd7+
Kxd7 21. Rfd1 Qa5 22. Qd3 g6 23. b4 Qd8 24. Qb5+ Kc7 25. Rac1 Qe8 26. Qxe8
Raxe8 27. g5 a6 28. a4 Rh8 29. Rf1 Re7 30. Rf6 h6 31. Rcf1 Rh7 32. gxh6 Kd7
33. Kg2 Ke8 34. b5 axb5 35. axb5 Rxh6 36. R1f4 Rh5 37. h4 Rc7 38. b6 Re7 39.
Kg3 Rh6 40. Kf3 Kf8 41. Ke3 Kg7 42. Kd3 Rh8 43. Kc3 Ra8 44. Kb4 Ra1 45. Kb5
Rb1+ 46. Ka4 Rb2 47. Ka3 Rb1 48. Ka2 Rb4 49. Ka3 Rb1 50. Ka4 Rb2 51. Ka5 Rb1
52. Rf1 Rb3 53. R6f4 Kg8 54. h5 gxh5 55. Rg1+ Kf8 56. Rh4 Re8 57. Ka4 Rb2
58. Ka3 Rb5 59. Ka4 Rb2 60. Ka3 Rb5 61. Ka4 Rb2 62. Ka3 Rb5 63. Ka4 Rb2 64.
Ka3 {Game drawn by repetition} 1/2-1/2

[Event "ICC tourney 1900 (45 10)"]
[Site "Internet Chess Club"]
[Date "2020.07.04"]
[Round "4"]
[White "cloak1"]
[Black "Almanac2050"]
[Result "1-0"]
[ICCResult "Black resigns"]
[WhiteElo "1586"]
[BlackElo "1614"]
[Opening "French: Steinitz variation"]
[ECO "C11"]
[NIC "FR.04"]
[Time "18:31:00"]
[TimeControl "2700+10"]

1. e4 e6 2. d4 d5 3. Nc3 Nf6 4. e5 Nfd7 5. Nce2 c5 6. f4 cxd4 7. Nxd4 Nc6 8.
Ngf3 Bc5 9. c3 Qb6 10. Be3 Qxb2 11. Rb1 Qxc3+ 12. Bd2 Qa3 13. Nb5 Qxa2 14.
Nc7+ Ke7 15. Nxa8 Kd8 16. Bb5 Ndb8 17. Ra1 Qb2 18. Rb1 Qa2 19. Ra1 Qb2 20.
Qa4 b6 21. Ke2 {Black resigns} 1-0

[Event "ICC tourney 1900 (45 10)"]
[Site "Internet Chess Club"]
[Date "2020.07.04"]
[Round "4"]
[White "steinutz"]
[Black "Taechess"]
[Result "0-1"]
[ICCResult "White resigns"]
[WhiteElo "1361"]
[BlackElo "1932"]
[Opening "Queen's pawn"]
[ECO "A40"]
[NIC "QO.17"]
[Time "18:30:59"]
[TimeControl "2700+10"]

1. d4 e6 2. Bf4 Nf6 3. e3 d5 4. Nd2 c5 5. c3 Nc6 6. Ngf3 h6 7. Bd3 Bd6 8.
Bg3 O-O 9. Ne5 Bxe5 10. dxe5 Nd7 11. Qh5 c4 12. Bc2 b5 13. h4 f5 14. exf6
Nxf6 15. Qg6 Ne7 16. Bc7 Qxc7 17. Qg3 Qxg3 18. fxg3 Ng4 19. Nf3 Nxe3 20. Bb1
N7f5 21. Rg1 Nxg3 22. Ne5 Bb7 23. Ng6 Rf6 24. Kd2 Nef5 25. h5 Nxh5 26. Bxf5
exf5 27. Nh4 Ng3 28. Nf3 Re8 29. Nd4 f4 30. Rae1 Ne4+ 31. Kc2 a6 32. Ref1 g5
33. Re1 Bc8 34. Rh1 Kg7 35. Rh2 Bf5 36. Kc1 Bg6 37. a3 Nf2 38. Rf1 Nd3+ 39.
Kd2 Nxb2 40. Rfh1 Nd3 41. Rxh6 Nf2 42. Rxg6+ Kxg6 43. Rb1 Ne4+ 44. Kc2 Nc5
45. Rd1 Nb3 46. Nf3 Re2+ 47. Kb1 g4 48. Nd4 Nxd4 49. Rxd4 Rxg2 50. Rxd5 f3
{White resigns}
0-1